 Dungeon Crawl Stone Soup version 0.30-a0-371-gad7725a93e (webtiles) character file.

Game seed: 15929710275584626004

258 ryw the Cudgeller (level 5, 0/46 HPs)
             Began as a Demigod Fighter on Nov 22, 2022.
             Slain by a phantom (2 damage)
             ... on level 5 of the Dungeon.
             The game lasted 00:04:14 (2161 turns).

ryw the Cudgeller (Demigod Fighter)                 Turns: 2161, Time: 00:04:15

Health: 0/46       AC: 10    Str: 21    XL:     5   Next: 62%
Magic:  7/7        EV:  7    Int: 10    God:
Gold:   149        SH:  4    Dex: 13    Spells: 4/4 levels left

rFire   . . .      SeeInvis .    a - +0 flail
rCold   . . .      Faith    .    c - +0 buckler
rNeg    . . .      Spirit   .    e - +0 chain mail
rPois   .          Reflect  .    (no helmet)
rElec   .          Harm     .    l - +0 cloak
rCorr   .          Rampage  .    (no gloves)
Will    .....                    (no boots)
Stlth   ..........               (no amulet)
HPRegen 0.27/turn                (no ring)
MPRegen 0.10/turn                (no ring)

@: mighty
A: high MP 1, forlorn, divine attributes
a: no special abilities


You were on level 5 of the Dungeon.
You visited 1 branch of the dungeon, and saw 5 of its levels.

You collected 149 gold pieces.

Inventory:

Hand Weapons
 a - a +0 flail (weapon)
Armour
 c - a +0 buckler (worn)
 e - a +0 chain mail (worn)
 l - a +0 cloak (worn)
Scrolls
 g - a scroll of teleportation {unknown}
 h - a scroll of identify
Potions
 b - a potion of mutation
 f - 2 potions of flight


   Skills:
 + Level 3.7 Fighting
 * Level 4.2 Maces & Flails
 + Level 3.8 Armour
 - Level 2.6 Shields


You had 4 spell levels left.
You didn't know any spells.
Your spell library was empty.

Dungeon Overview and Level Annotations

Branches:
Dungeon (6/15)
 Temple: D:4-7

Shops:
D:1 (

Annotations:
D:3 2 transporters


Innate Abilities, Weirdness & Mutations

You have an increased reservoir of magic. (+10% MP)
You shall have no god before yourself.
Your divine heritage dramatically boosts your attributes as you level up.


Message History

The killer bee zombie hits you but does no damage.
The killer bee zombie attacks as you move away!
The killer bee zombie hits you.
* * * LOW HITPOINT WARNING * * *
You block the killer bee zombie's attack.
The bullfrog zombie attacks as you move away!
You block the bullfrog zombie's attack. The phantom attacks as you move away!
The phantom hits you but does no damage.
You block the killer bee zombie's attack.
The killer bee zombie barely misses you.
You miss the phantom. The phantom barely misses you.
The phantom hits you but does no damage.
You hit the phantom.
The phantom is lightly damaged.
The phantom hits you but does no damage.
You miss the phantom.
The phantom is lightly damaged.
The phantom hits you but does no damage.
You hear a distant slurping noise.
You hit the phantom.
The phantom is moderately damaged.
The phantom hits you.
* * * LOW HITPOINT WARNING * * *
Okay, then.
Unknown command.
Okay, then.
Unknown command.
You completely miss the phantom.
The phantom is moderately damaged.
The phantom hits you.
* * * LOW HITPOINT WARNING * * *
Unknown command.
You barely miss the phantom.
The phantom is moderately damaged.
The phantom hits you but does no damage.
The phantom closely misses you.
You sock the phantom!
The phantom is severely damaged.
The phantom hits you.
You die...

# ......
#####......# #
.....#..#.# ...
#. ...##.##
#..#.####.#...##
#.....>........#
##.#.###..#...##
#.###..##.######
#......@WZ.......
#################


You could see a phantom and a killer bee zombie.

Vanquished Creatures
  A phantom (D:5)
  A scorpion (D:6)
  A hound (D:5)
  A gnoll (D:3)
  3 adders (D:2)
  A white imp (D:6)
  A dart slug (D:1)
  5 endoplasms
  3 giant cockroaches
  8 goblins
  2 hobgoblins (D:2)
  7 kobolds
  2 quokkas
  4 ball pythons
  4 bats
  7 frilled lizards
  4 rats
55 creatures vanquished.

Vanquished Creatures (others)
  A withered plant (D:5)
1 creature vanquished.

Grand Total: 56 creatures vanquished

Notes
Turn   | Place    | Note
-------+----------+-------------------------------------------
     0 | D:1      | ryw the Demigod Fighter began the quest for the Orb.
     0 | D:1      | Reached XP level 1. HP: 18/18 MP: 3/3
   148 | D:1      | Reached skill level 2 in Maces & Flails
   179 | D:1      | Found Kaj Xaoc's Antique Weapon Shop.
   208 | D:1      | Reached XP level 2. HP: 16/25 MP: 4/4
  1036 | D:2      | Reached XP level 3. HP: 31/31 MP: 5/5
  1221 | D:2      | Reached skill level 3 in Maces & Flails
  1240 | D:2      | Identified the +1 ring mail of Tulips {Regen+ Int+3}
  1741 | D:3      | Found a transporter.
  1816 | D:3      | HP: 1/31 [gnoll/+0 spear (2)]
  1828 | D:3      | Reached XP level 4. HP: 5/38 MP: 6/6
  1994 | D:3      | Found a transporter.
  2047 | D:3      | You fall into a shaft and drop 3 floors!
  2058 | D:6      | Noticed a black bear
  2060 | D:6      | Noticed a steam dragon
  2127 | D:5      | Entered Level 5 of the Dungeon
  2129 | D:5      | Noticed a phantom
  2138 | D:5      | Reached XP level 5. HP: 38/45 MP: 7/7
  2149 | D:5      | Reached skill level 4 in Maces & Flails
  2159 | D:5      | HP: 2/46 [phantom (5)]
  2161 | D:5      | Slain by a phantom

Illustrated notes

Levels and vault maps discovered:
D:1:      shiori_arrival_elements, layout_basic,
          dreamdust_ecumenical_altar_hidden_monk_grotto, serial_shops,
          nicolae_shop_overgrown_old_shop
D:2:      layout_loops_cross, hangedman_decor_growths, serial_bayou_pond_a
D:3:      gammafunk_wand_slinger, layout_loops_cross
D:5:      layout_loops_corners, nicolae_vehumet_altar_sigil, tgw_kikubaaqudgha,
          serial_undead, serial_undead_d, serial_undead_f, serial_undead_f,
          serial_undead_c, serial_undead_a, serial_undead_f, serial_undead_b,
          serial_undead_c, serial_undead_d, serial_undead_e
D:6:      layout_cave_pools, serial_co_window_serial, co_window_paths_b,
          co_window_paths_a, co_window_corner_a, co_window_corner_a,
          co_window_paths_a, co_window_paths_b, co_window_cross_4,
          co_window_broadway_b, co_window_corner_cb, co_window_sun,
          co_window_4corner_b, glass_columns_a, glass_columns_a,
          glass_columns_c, glass_columns_b, glass_columns_b, minivault_26,
          minmay_misc_feat_rugged

Skill      XL: |  1  2  3  4  5 |
---------------+----------------+-----
Maces & Flails | 2 3 4 |  4.2
Armour         | 3 |  3.8
Fighting       | 3 |  3.7
Shields        | |  2.6

Action                   |  1- 3 |  4- 6 || total
-------------------------+-------+-------++-------
Melee: Flail             |   183 |    30 ||   213
  Use: Potion            |     5 |     1 ||     6
       Scroll            |     4 |       ||     4
Armor: Chain mail        |   132 |    19 ||   151
       Scale mail        |    10 |       ||    10
Dodge: Dodged            |    77 |    13 ||    90
Block: Buckler           |    53 |     7 ||    60

Table legend: (Time is in decaauts)
 A = Elapsed time spent in this place.
 B = Non-inter-level travel time spent in this place.
 C = Inter-level travel time spent in this place.
 D = Time resting spent in this place.
 E = Time spent auto-exploring this place.
 F = Levels seen in this place.
 G = Mean time per level.
                   A        B        C        D        E       F      G
               +--------+--------+--------+--------+--------+-----+--------+
         Total |   2208 |   2134 |     74 |    255 |   1309 |   5 |  441.6 |
       Dungeon |   2208 |   2134 |     74 |    255 |   1309 |   5 |  441.6 |
               +--------+--------+--------+--------+--------+-----+--------+

Top non-repeatable levels by time:
     D:2: 952 daAuts
     D:1: 935 daAuts
     D:3: 199 daAuts
     D:6: 81 daAuts
     D:5: 38 daAuts
